 Dungeon Crawl Stone Soup version 0.27.1-33-g824d729ab1 (webtiles) character file.

Game seed: 10761968446129754846

12 pkoi the Sneak (level 2, -3/26 HPs)
             Began as a Draconian Delver on Nov 30, 2021.
             Slain by a quokka (4 damage)
             ... on level 4 of the Dungeon.
             The game lasted 00:00:12 (80 turns).

pkoi the Sneak (Draconian Delver)                     Turns: 80, Time: 00:00:13

Health: -3/26      AC:  4    Str: 14    XL:     2   Next: 20%
Magic:  2/2        EV: 12    Int: 10    God:
Gold:   0          SH:  0    Dex: 12    Spells: 1/1 levels left

rFire    . . .     SeeInvis .     - Unarmed
rCold    . . .     Faith    .   (no shield)
rNeg     . . .     Spirit   .   (armour unavailable)
rPois    .         Reflect  .   (helmet restricted)
rElec    .         Harm     .   (no cloak)
rCorr    .         Rampage  .   (no gloves)
Will     .....                  (no boots)
Stlth    +++.......             (no amulet)
HPRegen  0.08/turn              (no ring)
MPRegen  0.08/turn              (no ring)

@: no status effects
A: AC +4, unfitting armour, cold-blooded
a: no special abilities


You were on level 4 of the Dungeon.
You visited 1 branch of the dungeon, and saw 2 of its levels.

Inventory:

Wands
 e - a wand of digging (3)
Scrolls
 a - a scroll of fog
 b - a scroll of magic mapping
 c - a scroll of fear
Potions
 d - a potion of haste


   Skills:
 - Level 3.2 Fighting
 - Level 1.7 Dodging
 - Level 4.5 Stealth
 + Level 2.9 Unarmed Combat


You had one spell level left.
You didn't know any spells.
Your spell library was empty.

Dungeon Overview and Level Annotations

Branches:
Dungeon (5/15)
 Temple: D:4-7

Altars:


Innate Abilities, Weirdness & Mutations

Your plain brown scales are hard. (AC +4)
You cannot fit into any form of body armour.
You are cold-blooded and may be slowed by cold attacks.


Message History

* * * LOW HITPOINT WARNING * * *
The hound skeleton bites you but does no damage.
You hit the hound skeleton.
The hound skeleton is lightly damaged.
The quokka closely misses you. The hound skeleton closely misses you.
You hit the hound skeleton.
Your tail-slap misses the hound skeleton.
The hound skeleton is moderately damaged.
The quokka barely misses you. The hound skeleton barely misses you.
Unknown command.
You hit the hound skeleton.
The hound skeleton is heavily damaged.
The hound skeleton completely misses you.
The quokka bites you but does no damage.
The hound skeleton bites you but does no damage.
The quokka misses you.
You hit the hound skeleton.
The hound skeleton is severely damaged.
The hound skeleton closely misses you.
The quokka bites you but does no damage.
You hit the hound skeleton.
The hound skeleton is severely damaged.
The hound skeleton bites you.
* * * LOW HITPOINT WARNING * * *
The quokka closely misses you.
Unknown command.
You hit the hound skeleton. You tail-slap the hound skeleton.
The hound skeleton is almost destroyed.
The hound skeleton barely misses you. The quokka barely misses you.
Unknown command.
You hit the hound skeleton.
You destroy the hound skeleton!
The quokka barely misses you.
You have reached level 2!
You closely miss the quokka. The quokka barely misses you.
You miss the quokka. The quokka bites you.
* * * LOW HITPOINT WARNING * * *
You closely miss the quokka. The quokka closely misses you.
The quokka bites you.
You die...

##..... ....
#.....## ..# .
##......# #..#..
##.......##......
#..............#
##(...........#
##..>.....##...
#.......##
#.....r@.#
#........##
#..........#
##.........#
##..........
###........
####....# ######


You could see a quokka.

Vanquished Creatures
  A hound skeleton (D:4)
1 creature vanquished.

Notes
Turn   | Place    | Note
-------+----------+-------------------------------------------
     0 | D:5      | pkoi the Draconian Delver began the quest for the Orb.
     0 | D:5      | Reached XP level 1. HP: 19/19 MP: 1/1
    62 | D:4      | Noticed an ogre
    78 | D:4      | Reached XP level 2. HP: 3/26 MP: 2/2
    79 | D:4      | HP: 1/26 [quokka (2)]
    80 | D:4      | Slain by a quokka

Illustrated notes

Levels and vault maps discovered:
D:4:      layout_cave_pools, hangedman_abyss_or_decor_stabs, minmay_shop_mayhem,
          uniq_pikel
D:5:      kennysheep_spiral_hall, layout_loops_ring,
          nicolae_gozag_cash_rules_everything_around_me, bloody_makhleb,
          temple_statues, hellmonk_ghost_happy_afterlife

Action                   || total
-------------------------++-------
Melee: Unarmed           ||    13
       Tailslap          ||     1
Armor: Skin              ||     5
Dodge: Dodged            ||    20
